Map: Romanticide LE

Players

ViBE - Winner!

  • Race: Zerg Zerg
  • League: Diamond

Dyncommon

  • Race: Terran Terran
  • League: Diamond

VOD

Have the link to the VOD?

Description

Time

  • Played on: April 10, 2021, 11:34 p.m.
  • Length: 13:04
Show
View Real Time Build Order
Export as new Build Order

ViBE Zerg - Winner!

Build Orders: Hatch First 

Get SALT Encoding   

  12  0:00  Drone  
  13  0:13  Overlord  
  13  0:17  Drone  
  14  0:31  Drone  
  14  0:32  Drone  
  16  0:39  Drone  
  17  0:53  Hatchery  
  16  0:57  Drone  
  16  0:59  Drone  
  18  1:12  Spawning Pool  
  18  1:13  Extractor  
  18  1:16  Drone  
  17  1:19  Drone  
  18  1:29  Drone  
  19  1:44  Overlord  
  19  2:00  Queen  
  21  2:02  Zergling x2  
  21  2:03  Zergling x2  
  21  2:04  Queen  
  21  2:05  Drone  
  26  2:13  Drone  
  27  2:18  Metabolic Boost  
  27  2:20  Drone  
  29  2:22  Drone  
  30  2:30  Drone  
  30  2:38  Drone x2  
  32  2:50  Hatchery  
  31  2:54  Queen  
  33  3:05  Overlord  
  33  3:10  Drone x3  
  36  3:13  Overlord  
  36  3:29  Overlord  
  36  3:34  Queen  
  38  3:46  Drone x6  
  44  3:53  Zergling x8  
  48  3:58  Drone x3  
  51  4:05  Queen  
  53  4:10  Drone  
  54  4:19  Drone  
  54  4:20  Drone x3, Overlord x2  
  58  4:25  Overlord  
  58  4:49  Drone  
  58  4:50  Drone x8  
  67  4:54  Spore Crawler  
  67  4:56  Spore Crawler x2  
  64  5:05  Roach Warren  
  63  5:10  Overlord x3  
  63  5:19  Zergling x4  
  63  5:20  Zergling x4  
  65  5:33  Zergling x4  
  65  5:34  Zergling x14  
  61  5:43  Drone x3  
  61  5:47  Drone x3  
  65  5:51  Drone x7  
  65  5:56  Lair  
  72  6:06  Extractor x2  
  72  6:08  Drone x3  
  72  6:09  Drone x2  
  75  6:15  Hatchery  
  75  6:17  Roach x2  
  78  6:19  Roach x3  
  78  6:20  Roach  
  78  6:22  Drone  
  87  6:32  Queen  
  89  6:33  Queen  
  91  6:40  Drone x4  
  91  6:41  Drone x5  
  91  6:43  Extractor  
  98  6:59  Extractor  
  98  7:00  Extractor  
  96  7:07  Drone x3  
  99  7:12  Evolution Chamber x2  
  99  7:13  Drone  
  99  7:14  Baneling Nest  
  97  7:16  Hydralisk Den  
  97  7:17  Drone  
  97  7:18  Drone x8  
  105  7:36  Drone x3  
  105  7:37  Drone x3, Overlord x4  
  111  7:40  Zerg Ground Armor Level 1, Zerg Melee Weapons Level 1  
  111  7:46  Grooved Spines  
  111  7:47  Hatchery  
  111  7:48  Drone  
  111  7:57  Glial Reconstitution, Roach x5  
  116  8:01  Roach  
  116  8:02  Queen x3, Roach x2  
  116  8:03  Queen  
  124  8:06  Roach x6  
  124  8:08  Overlord x4  
  135  8:17  Roach x3  
  127  8:21  Roach  
  127  8:26  Roach x3  
  126  8:33  Spore Crawler  
  113  8:44  Drone x3  
  113  8:46  Drone x2  
  113  8:47  Drone x9  
  127  8:50  Extractor  
  127  8:51  Extractor  
  125  8:58  Muscular Augments  
  125  9:00  Centrifical Hooks  
  125  9:13  Overlord x3  
  125  9:14  Overlord x2  
  125  9:16  Hydralisk x4  
  125  9:17  Hydralisk x8  
  125  9:19  Hatchery  
  144  9:24  Queen  
  144  9:29  Hydralisk x8  
  162  9:44  Zerg Ground Armor Level 2, Zerg Melee Weapons Level 2  
  162  9:48  Drone, Infestation Pit  
  162  9:49  Zergling x22  
  171  9:55  Zergling x6  
  174  10:02  Hatchery  
  173  10:12  Hydralisk  
  173  10:13  Hydralisk x8  
  173  10:14  Zergling x4  
  191  10:16  Zergling x2  
  191  10:17  Zergling x2  
  193  10:28  Zergling x8  
  180  10:45  Zergling x2  
  180  10:46  Zergling x14  
  184  10:52  Hive  
  184  10:57  Drone x5  
  185  10:58  Unknown  
  185  11:00  Drone  
  189  11:07  Zergling x16  
  189  11:08  Zergling x4  
  198  11:13  Baneling x12  
  198  11:15  Baneling  
  198  11:16  Baneling x5  
  198  11:18  Zergling x2  
  199  11:38  Hatchery  
  189  11:56  Zergling x22  
  195  12:28  Hydralisk x8  
  198  12:33  Lurker Den  
  190  12:43  Zergling x2  
  190  12:44  Zergling x8  
  163  12:55  Hatchery  
Show
View Real Time Build Order
Export as new Build Order

Dyncommon Terran 

Build Orders: Reaper Expand, Hellion Banshee 

Get SALT Encoding   

  12  0:00  SCV  
  13  0:12  SCV  
  14  0:17  Supply Depot  
  14  0:24  SCV  
  15  0:38  SCV  
  15  0:40  Barracks  
  16  0:44  Refinery  
  16  0:51  SCV  
  17  1:03  SCV  
  18  1:15  SCV  
  19  1:27  Reaper  
  19  1:29  Orbital Command  
  20  1:44  Command Center  
  20  1:53  Supply Depot  
  20  1:55  SCV  
  20  1:59  Marine  
  22  2:07  SCV  
  23  2:16  Factory  
  23  2:19  SCV  
  23  2:22  Barracks Reactor  
  24  2:31  SCV  
  25  2:43  SCV  
  25  2:55  Command Center  
  25  2:56  SCV  
  26  2:59  Orbital Command  
  26  3:08  SCV  
  26  3:10  Refinery  
  27  3:17  Hellion x2  
  31  3:20  SCV  
  32  3:27  Starport  
  32  3:35  SCV x2  
  32  3:38  Hellion  
  36  3:42  Hellion  
  36  3:47  SCV x2  
  40  3:51  Barracks Tech Lab  
  40  3:59  SCV x2  
  42  4:04  Hellion x2  
  46  4:14  Supply Depot  
  46  4:15  Supply Depot  
  46  4:16  Armory  
  46  4:18  Orbital Command  
  46  4:19  SCV  
  46  4:20  SCV  
  48  4:26  Hellion x2  
  52  4:31  SCV  
  53  4:40  SCV  
  53  4:42  Orbital Command  
  53  4:43  SCV  
  53  4:44  Supply Depot  
  55  4:46  Refinery, Supply Depot  
  55  4:47  Refinery  
  55  4:53  SCV  
  55  4:55  SCV, Hellion x2  
  55  4:58  Banshee  
  64  5:05  SCV  
  65  5:09  SCV x2  
  67  5:14  Supply Depot  
  67  5:21  Factory  
  67  5:23  Supply Depot  
  67  5:27  SCV x2  
  69  5:29  Hellion x2  
  69  5:34  Factory  
  61  5:50  Hellion x2  
  61  5:51  Factory  
  61  5:53  SCV  
  61  5:54  SCV, Factory  
  61  5:55  SCV  
  64  6:05  SCV  
  64  6:06  SCV  
  64  6:07  SCV  
  64  6:10  Supply Depot  
  67  6:11  Factory Tech Lab  
  67  6:13  Hellion x2  
  67  6:17  SCV  
  72  6:18  Terran Vehicle Weapons Level 1  
  72  6:19  SCV  
  72  6:20  Banshee  
  72  6:22  SCV  
  77  6:30  SCV  
  77  6:31  SCV, Factory Tech Lab  
  77  6:32  Refinery, Supply Depot  
  79  6:33  Mag-Field Accelerator  
  79  6:35  Factory Tech Lab  
  79  6:38  Factory Tech Lab, Hellion x2  
  83  6:41  Cyclone  
  83  6:42  SCV  
  83  6:43  SCV  
  88  6:50  SCV  
  89  6:54  SCV  
  89  6:55  SCV  
  89  6:56  Refinery  
  89  6:59  Cyclone x2  
  89  7:00  Cyclone  
  89  7:01  Supply Depot x2  
  100  7:02  SCV, Infernal Pre-Igniter  
  100  7:06  SCV  
  100  7:07  SCV  
  103  7:12  Hellion x2  
  103  7:14  SCV  
  103  7:15  Cyclone  
  111  7:18  SCV  
  111  7:19  SCV  
  113  7:24  Supply Depot x2  
  113  7:29  SCV  
  114  7:31  SCV, Cyclone x2  
  114  7:33  Cyclone  
  124  7:39  Hellion x2  
  128  7:47  Cyclone, SCV  
  132  7:53  Supply Depot  
  132  7:55  Supply Depot  
  132  8:03  Cyclone x2  
  132  8:05  Cyclone  
  139  8:07  Hellion x2  
  139  8:11  Armory  
  139  8:15  Command Center  
  139  8:19  Cyclone  
  135  8:31  Hellion x2  
  130  8:35  Cyclone  
  130  8:36  Cyclone  
  130  8:37  Cyclone  
  130  8:40  SCV x2  
  130  8:41  SCV  
  134  8:46  Terran Vehicle Weapons Level 2  
  131  8:49  Engineering Bay  
  131  8:51  Cyclone  
  134  8:56  Supply Depot  
  134  8:57  Factory  
  134  8:58  Supply Depot  
  134  9:00  Hellion x2, Factory  
  138  9:08  Cyclone x2  
  144  9:12  Cyclone  
  147  9:21  Hellion x2  
  147  9:23  Cyclone  
  145  9:40  Cyclone x2  
  145  9:41  Factory Tech Lab, Command Center  
  145  9:42  Hellion x2  
  145  9:44  Cyclone, Factory Reactor  
  140  10:01  Cyclone x2  
  140  10:03  Terran Vehicle And Ship Armor Level 1  
  140  10:04  Hellion x2  
  150  10:12  Cyclone x2  
  156  10:16  Cyclone  
  159  10:31  Hellion x3  
  159  10:32  Hellion  
  159  10:33  Cyclone x2  
  153  10:44  Cyclone  
  153  10:47  Cyclone  
  153  10:48  Cyclone  
  159  10:55  SCV x3  
  159  10:57  Planetary Fortress  
  162  11:05  Cyclone, Hellion x4  
  162  11:07  SCV x2  
  175  11:14  Cyclone  
  175  11:16  Cyclone  
  181  11:19  Cyclone  
  181  11:20  Hellion  
  186  11:26  Hellion  
  186  11:27  Hellion x2  
  192  11:37  Cyclone  
  179  11:44  Hellion  
  179  11:45  Hellion  
  179  11:46  Cyclone  
  167  11:48  Cyclone  
  167  11:51  Cyclone  
  159  11:55  Hellion x3  
  159  11:56  SCV  
  159  11:57  SCV x3  
  169  12:06  Cyclone, Hellion  
  174  12:09  SCV x4  
  174  12:10  Cyclone  
  181  12:18  Cyclone  
  169  12:34  Refinery  
  169  12:35  Hellion  
  169  12:36  Hellion x3  
  115  12:51  SCV  
  115  12:52  SCV x2  
Tags
 
Add a new tag
Caveats
  • Supply blocks, unpowered buildings, or Contaminate may cause inaccurate times.
  • Supply counts are checked every 10 seconds.